PAAA
TORTOLITA DRUMMERS @ MILTON DOGFISH HEAD
09/02/2031
 
TOP OF THE 1ST
Tortolita Drummers batting - Pitching for Milton Dogfish Head : LHP Allen Duer
Pitching: LHP Allen Duer
Batting: RHB Lu-fang Koo 0-0: Ball
1-0: Ball
2-0: Ground out 6-3 (Groundball, 6)
Batting: RHB Ricardo Pacheco 0-0: SINGLE (Groundball, 6MD)
Batting: RHB Alan Elder 0-0: Swinging Strike
0-1: Foul Ball, location: 2F
0-2: SINGLE (Groundball, 6S) (infield hit)
Ricardo Pacheco to second
Batting: RHB Dave Sienna 0-0: Ball
1-0: SINGLE (Groundball, 5D)
Ricardo Pacheco to third
Alan Elder to second
Batting: LHB Glen Allen Mixon 0-0: Ball
1-0: Called Strike
1-1: Swinging Strike
1-2: Strikes out looking
Pitching: LHP Mario Hurrado
Batting: RHB Iván Chacón 0-0: Foul Ball, location: 2F
0-1: Foul Ball, location: 2F
0-2: Fly out, F3 (Popup, 3S)
Top of the 1st over - 0 runs, 3 hits, 0 errors, 3 left on base; Tortolita 0 - Milton 0
BOTTOM OF THE 1ST
Milton Dogfish Head batting - Pitching for Tortolita Drummers : LHP Steve Seabolt
Pitching: LHP Steve Seabolt
Batting: RHB Esteban Olivo 0-0: Ball
1-0: Swinging Strike
1-1: Ground out 4-3 (Groundball, 4)
Batting: SHB Juan Carlos Santos 0-0: SOLO HOME RUN (Flyball, 7LD), Distance : 365 ft
Batting: LHB Jack Sutherland 0-0: Called Strike
0-1: Called Strike
0-2: Ball
1-2: Ball
2-2: Ground out 6-3 (Groundball, 6)
Batting: RHB Tak-hing Huang 0-0: Ball
1-0: Ground out 4-3 (Groundball, 4S)
Bottom of the 1st over - 1 run, 1 hit, 0 errors, 0 left on base; Tortolita 0 - Milton 1
TOP OF THE 2ND
Tortolita Drummers batting - Pitching for Milton Dogfish Head : LHP Mario Hurrado
Batting: RHB Jim Burch 0-0: Ball
1-0: Ground out 4-3 (Groundball, 4)
Batting: RHB Orlando Montoya 0-0: Ball
1-0: Ground out 1-3 (Groundball, 13)
Batting: LHB Steve Costillo 0-0: Ball
1-0: Called Strike
1-1: Foul Ball, location: 2F
1-2: Foul Ball, location: 2F
1-2: Ball
2-2: Ground out 1-3 (Groundball, P)
Top of the 2nd over - 0 runs, 0 hits, 0 errors, 0 left on base; Tortolita 0 - Milton 1
BOTTOM OF THE 2ND
Milton Dogfish Head batting - Pitching for Tortolita Drummers : LHP Steve Seabolt
Batting: RHB Lorenzo Rosas 0-0: Called Strike
0-1: Ground out 5-3 (Groundball, 56)
Batting: SHB Shoin Takuda 0-0: Ball
1-0: Ball
2-0: Called Strike
2-1: Ground out 5-3 (Groundball, 56)
Batting: RHB Yves Girard 0-0: Ball
1-0: Ground out 5-3 (Groundball, 56)
Bottom of the 2nd over - 0 runs, 0 hits, 0 errors, 0 left on base; Tortolita 0 - Milton 1
TOP OF THE 3RD
Tortolita Drummers batting - Pitching for Milton Dogfish Head : LHP Mario Hurrado
Batting: RHB Lu-fang Koo 0-0: Ball
1-0: Ball
2-0: Ground out 6-3 (Groundball, 6)
Batting: RHB Ricardo Pacheco 0-0: Foul Ball, location: 2F
0-1: Swinging Strike
0-2: Ball
1-2: Ball
2-2: Strikes out looking
Batting: RHB Alan Elder 0-0: Called Strike
0-1: Ball
1-1: Ball
2-1: Swinging Strike
2-2: Strikes out swinging
Top of the 3rd over - 0 runs, 0 hits, 0 errors, 0 left on base; Tortolita 0 - Milton 1
BOTTOM OF THE 3RD
Milton Dogfish Head batting - Pitching for Tortolita Drummers : LHP Steve Seabolt
Batting: SHB Tony Walsh 0-0: Ball
1-0: Ball
2-0: Ball
3-0: Called Strike
3-1: Foul Ball, location: 2F
3-2: Base on Balls
Batting: LHB Edward Woodstock 0-0: Ball
1-0: Ball
2-0: Called Strike
2-1: SINGLE (Groundball, 3D)
Tony Walsh to second
Runner from 2nd tries for 3rd, SAFE, no throw
Batting: RHB Esteban Olivo 0-0: Ball
1-0: Ball
2-0: SINGLE (Line Drive, 7S)
Tony Walsh scores
Edward Woodstock to second
Batting: SHB Juan Carlos Santos 0-0: Called Strike
0-1: SINGLE (Groundball, 6MD)
Edward Woodstock to third
Esteban Olivo to second
Runner from 3rd tries for Home, SAFE, no throw
Batting: LHB Jack Sutherland 0-0: Swinging Strike
0-1: Ball
1-1: Ball
2-1: Ball
3-1: Called Strike
3-2: DOUBLE (Flyball, 78D)
Esteban Olivo scores
Juan Carlos Santos to third
Batting: RHB Tak-hing Huang 0-0: Ball
1-0: Called Strike
1-1: Ball
2-1: Ball
3-1: Base on Balls
Batting: RHB Lorenzo Rosas 0-0: Ball
1-0: Ball
2-0: Foul Ball, location: 2F
2-1: Ball
3-1: Foul Ball, location: 2F
3-2: Foul Ball, location: 2F
3-2: SINGLE (Flyball, 9LS)
Juan Carlos Santos scores
Jack Sutherland to third
Tak-hing Huang to second
Batting: SHB Shoin Takuda 0-0: Ball
1-0: Called Strike
1-1: Ball
2-1: Ball
3-1: Foul Ball, location: 2F
3-2: Base on Balls
Jack Sutherland scores
Tak-hing Huang to third
Lorenzo Rosas to second
Batting: RHB Yves Girard 0-0: SINGLE (Groundball, 6MD)
Tak-hing Huang scores
Lorenzo Rosas to third
Shoin Takuda to second
Batting: SHB Tony Walsh 0-0: Called Strike
0-1: Ball
1-1: Grounds into double play, 4-6-3 (Groundball, 4)
Lorenzo Rosas scores
Shoin Takuda to third
Batting: LHB Edward Woodstock 0-0: Ball
1-0: Called Strike
1-1: Ball
2-1: Ball
3-1: Foul Ball, location: 2F
3-2: Foul Ball, location: 2F
3-2: Base on Balls
Batting: RHB Esteban Olivo 0-0: Ball
1-0: Called Strike
1-1: Ball
2-1: Ground out 4-3 (Groundball, 4S)
Bottom of the 3rd over - 7 runs, 6 hits, 0 errors, 2 left on base; Tortolita 0 - Milton 8
TOP OF THE 4TH
Tortolita Drummers batting - Pitching for Milton Dogfish Head : LHP Mario Hurrado
Batting: RHB Dave Sienna 0-0: Foul Ball, location: 2F
0-1: Ball
1-1: Ball
2-1: DOUBLE (Line Drive, 78XD)
Batting: LHB Glen Allen Mixon 0-0: Foul Ball, location: 2F
0-1: Swinging Strike
0-2: Ball
1-2: Ball
2-2: Strikes out swinging
Batting: RHB Iván Chacón 0-0: Ball
1-0: Ball
2-0: Called Strike
2-1: Ball
3-1: Called Strike
3-2: Foul Ball, location: 2F
3-2: Strikes out swinging
Batting: RHB Jim Burch 0-0: Fly out, F9 (Flyball, 9S)
Top of the 4th over - 0 runs, 1 hit, 0 errors, 1 left on base; Tortolita 0 - Milton 8
BOTTOM OF THE 4TH
Milton Dogfish Head batting - Pitching for Tortolita Drummers : LHP Steve Seabolt
Batting: SHB Juan Carlos Santos 0-0: Ball
1-0: Ball
2-0: Foul Ball, location: 2F
2-1: Ground out 5-3 (Groundball, 5S)
Batting: LHB Jack Sutherland 0-0: DOUBLE (Line Drive, 89XD)
Pitching: RHP Mike Desmond
Batting: RHB Tak-hing Huang 0-0: Ball
1-0: Fly out, F8 (Flyball, 8LM)
Batting: RHB Lorenzo Rosas 0-0: Called Strike
0-1: Ball
1-1: Called Strike
1-2: Foul Ball, location: 2F
1-2: Foul Ball, location: 2F
1-2: Ball
2-2: Strikes out looking
Bottom of the 4th over - 0 runs, 1 hit, 0 errors, 1 left on base; Tortolita 0 - Milton 8
TOP OF THE 5TH
Tortolita Drummers batting - Pitching for Milton Dogfish Head : LHP Mario Hurrado
Batting: RHB Orlando Montoya 0-0: Ball
1-0: Ball
2-0: Called Strike
2-1: Ground out 6-3 (Groundball, 6S)
Batting: LHB Steve Costillo 0-0: SINGLE (Line Drive, 34)
Batting: RHB Lu-fang Koo 0-0: SINGLE (Groundball, 6MD)
Steve Costillo to second
Batting: RHB Ricardo Pacheco 0-0: Called Strike
0-1: DOUBLE (Flyball, 9LD)
Steve Costillo scores
Lu-fang Koo to third
Batting: RHB Alan Elder 0-0: SINGLE (Line Drive, 7LM)
Lu-fang Koo scores
Ricardo Pacheco to third
Batting: RHB Dave Sienna 0-0: Called Strike
0-1: Foul Ball, location: 2F
0-2: Fly out, F7 (Flyball, 7S)
Batting: LHB Glen Allen Mixon 0-0: SINGLE (Line Drive, 89S)
Ricardo Pacheco scores
Alan Elder to second
Batting: RHB Iván Chacón 0-0: Foul Ball, location: 2F
0-1: Ball
1-1: Fly out, F2 (Popup, 3SF)
Top of the 5th over - 3 runs, 5 hits, 0 errors, 2 left on base; Tortolita 3 - Milton 8
BOTTOM OF THE 5TH
Milton Dogfish Head batting - Pitching for Tortolita Drummers : RHP Mike Desmond
Batting: SHB Shoin Takuda 0-0: Ball
1-0: Foul Ball, location: 2F
1-1: Fly out, F7 (Flyball, 7)
Batting: RHB Yves Girard 0-0: Called Strike
0-1: Foul Ball, location: 2F
0-2: Foul Ball, location: 2F
0-2: Ball
1-2: Fly out, F6 (Line Drive, 6M)
Batting: SHB Tony Walsh 0-0: Foul Ball, location: 2F
0-1: Hit by Pitch
Batting: LHB Edward Woodstock 0-0: Called Strike
0-1: Ball
1-1: Swinging Strike
1-2: Foul Ball, location: 2F
1-2: SINGLE (Line Drive, 8RS)
Tony Walsh to second
Runner from 2nd tries for 3rd, SAFE, no throw
Batting: RHB Esteban Olivo 0-0: Foul Ball, location: 2F
0-1: Fly out, F4 (Popup, 34)
Bottom of the 5th over - 0 runs, 1 hit, 0 errors, 2 left on base; Tortolita 3 - Milton 8
TOP OF THE 6TH
Tortolita Drummers batting - Pitching for Milton Dogfish Head : LHP Mario Hurrado
Batting: RHB Jim Burch 0-0: Swinging Strike
0-1: Ball
1-1: Ground out 6-3 (Groundball, 6S)
Batting: RHB Orlando Montoya 0-0: Ball
1-0: Called Strike
1-1: Ground out 6-3 (Groundball, 56D)
Batting: LHB Steve Costillo 0-0: Ball
1-0: SINGLE (Line Drive, 8LS)
Pitching: RHP Paris Nowlin
Batting: RHB Lu-fang Koo 0-0: Ball
1-0: Ball
Steve Costillo steals 2nd base
2-0: Foul Ball, location: 2F
2-1: Ground out 4-3 (Groundball, 4)
Top of the 6th over - 0 runs, 1 hit, 0 errors, 1 left on base; Tortolita 3 - Milton 8
BOTTOM OF THE 6TH
Milton Dogfish Head batting - Pitching for Tortolita Drummers : RHP César Manoel
Pitching: RHP César Manoel
Batting: SHB Juan Carlos Santos 0-0: Called Strike
0-1: Swinging Strike
0-2: Ball
1-2: Ball
2-2: Foul Ball, location: 2F
2-2: SINGLE (Line Drive, 78S)
Batting: LHB Jack Sutherland 0-0: Ball
1-0: Called Strike
1-1: SINGLE (Groundball, 4MD)
Juan Carlos Santos to second
Batting: RHB Tak-hing Huang 0-0: Ground out 5-3 (Groundball, 56S)
Juan Carlos Santos to third
Jack Sutherland to second
Batting: RHB Lorenzo Rosas 0-0: Called Strike
0-1: Called Strike
0-2: Strikes out looking
Batting: SHB Shoin Takuda 0-0: Called Strike
0-1: Called Strike
0-2: Strikes out swinging
Bottom of the 6th over - 0 runs, 2 hits, 0 errors, 2 left on base; Tortolita 3 - Milton 8
TOP OF THE 7TH
Tortolita Drummers batting - Pitching for Milton Dogfish Head : RHP Paris Nowlin
Now at C: Jarred Cobb
Batting: RHB Ricardo Pacheco 0-0: Ball
1-0: SOLO HOME RUN (Flyball, 9LD), Distance : 341 ft
Batting: RHB Alan Elder 0-0: Called Strike
0-1: Swinging Strike
0-2: Ground out 6-3 (Groundball, 6)
Batting: RHB Dave Sienna 0-0: Ball
1-0: Ball
2-0: Called Strike
2-1: Called Strike
2-2: Ball
3-2: Foul Ball, location: 2F
3-2: Foul Ball, location: 2F
3-2: Base on Balls
Batting: LHB Glen Allen Mixon 0-0: Ball
1-0: Fly out, F9 (Line Drive, 89M)
Batting: RHB Iván Chacón 0-0: Called Strike
0-1: Ball
1-1: Ball
Dave Sienna steals 2nd base
2-1: Foul Ball, location: 2F
2-2: Ball
3-2: Fly out, F8 (Flyball, 8RD)
Top of the 7th over - 1 run, 1 hit, 0 errors, 1 left on base; Tortolita 4 - Milton 8
BOTTOM OF THE 7TH
Milton Dogfish Head batting - Pitching for Tortolita Drummers : RHP César Manoel
Batting: RHB Yves Girard 0-0: Ball
1-0: Foul Ball, location: 2F
1-1: Fly out, F8 (Flyball, 8LM)
Batting: SHB Tony Walsh 0-0: Foul Ball, location: 2F
0-1: Reached on error, E9 (Flyball, 89M)
Batting: LHB Edward Woodstock 0-0: Swinging Strike
0-1: Ball
1-1: Ball
2-1: Ball
3-1: Foul Ball, location: 2F
3-2: Foul Ball, location: 2F
3-2: Foul Ball, location: 2F
3-2: Foul Ball, location: 2F
3-2: Base on Balls
Tony Walsh to second
Batting: RHB Esteban Olivo 0-0: Ball
1-0: Fly out, F7 (Line Drive, 7)
Batting: SHB Juan Carlos Santos 0-0: Called Strike
0-1: Ball
1-1: Ball
2-1: Ball
3-1: Base on Balls
Tony Walsh to third
Edward Woodstock to second
Batting: LHB Jack Sutherland 0-0: Called Strike
0-1: Foul Ball, location: 2F
0-2: Ball
1-2: Fielders Choice at 2nd, 6-4 (Groundball, 6)
Bottom of the 7th over - 0 runs, 0 hits, 1 error, 3 left on base; Tortolita 4 - Milton 8
TOP OF THE 8TH
Tortolita Drummers batting - Pitching for Milton Dogfish Head : RHP Paris Nowlin
Batting: RHB Jim Burch 0-0: Ball
1-0: Foul Ball, location: 2F
1-1: Ball
2-1: Ball
3-1: Base on Balls
Batting: RHB Orlando Montoya 0-0: Called Strike
0-1: Ball
1-1: Ball
2-1: Ground out 6-3 (Groundball, 6S)
Jim Burch to second
Batting: LHB Steve Costillo 0-0: Ball
1-0: Foul Ball, location: 2F
1-1: Ball
2-1: Ground out 6-3 (Groundball, 6)
Batting: RHB Lu-fang Koo 0-0: Swinging Strike
0-1: Called Strike
0-2: Ball
1-2: SINGLE (Groundball, 56D)
Jim Burch to third
Runner from 3rd tries for Home, SAFE, no throw
Batting: RHB Ricardo Pacheco 0-0: Ball
1-0: Foul Ball, location: 2F
1-1: Ball
2-1: Foul Ball, location: 2F
2-2: Ball
3-2: Base on Balls
Lu-fang Koo to second
Batting: RHB Alan Elder 0-0: Ball
1-0: Called Strike
1-1: Ball
2-1: Ball
3-1: Base on Balls
Lu-fang Koo to third
Ricardo Pacheco to second
Batting: RHB Dave Sienna 0-0: Called Strike
0-1: Ball
Wild Pitch!
Lu-fang Koo scores
Ricardo Pacheco to third
Alan Elder to second
1-1: Ground out 5-3 (Groundball, 5S)
Top of the 8th over - 2 runs, 1 hit, 0 errors, 2 left on base; Tortolita 6 - Milton 8
BOTTOM OF THE 8TH
Milton Dogfish Head batting - Pitching for Tortolita Drummers : RHP César Manoel
Batting: RHB Tak-hing Huang 0-0: Ball
1-0: Called Strike
1-1: Called Strike
1-2: Ball
2-2: Fly out, F7 (Line Drive, 7)
Batting: RHB Lorenzo Rosas 0-0: Called Strike
0-1: Called Strike
0-2: Ground out 6-3 (Groundball, 6)
Batting: RHB Jarred Cobb 0-0: Foul Ball, location: 2F
0-1: Swinging Strike
0-2: Foul Ball, location: 2F
0-2: Ball
1-2: Strikes out looking
Bottom of the 8th over - 0 runs, 0 hits, 0 errors, 0 left on base; Tortolita 6 - Milton 8
TOP OF THE 9TH
Tortolita Drummers batting - Pitching for Milton Dogfish Head : RHP Paris Nowlin
Batting: LHB Glen Allen Mixon 0-0: Swinging Strike
0-1: Ball
1-1: Foul Ball, location: 2F
1-2: Strikes out swinging, 2-3 out at first.
Batting: RHB Iván Chacón 0-0: Called Strike
0-1: Ball
1-1: SINGLE (Flyball, 8LS)
Pitching: RHP Craig Whitney
Pinch Hitting: RHB Rich Flannery 0-0: Called Strike
0-1: Foul Ball, location: 2F
0-2: Ball
1-2: Foul Ball, location: 2F
1-2: Strikes out looking
Pinch Hitting: RHB Eisse Cals 0-0: Called Strike
0-1: Called Strike
0-2: Ball
1-2: Strikes out swinging
Top of the 9th over - 0 runs, 1 hit, 0 errors, 1 left on base; Tortolita 6 - Milton 8
Tuesday, June 12th, 2018 - OOTP Baseball 18.8 Build 76